 Dungeon Crawl Stone Soup version 0.31.0-11-ge490571c62 (webtiles) character file.

Game seed: 13139574748664050461

96 qw the Shooter (level 4, -5/25 HPs)
             Began as a Deep Elf Hunter on Feb 3, 2024.
             Slain by a gnoll
             ... wielding a +0 flail
              (8 damage)
             ... on level 2 of the Dungeon.
             The game lasted 00:00:27 (1068 turns).

qw the Shooter (Deep Elf Hunter)                    Turns: 1068, Time: 00:00:28

Health: -5/25      AC:  6    Str: 10    XL:     4   Next: 41%
Magic:  6/6        EV:  9    Int: 14    God:
Gold:   12         SH:  0    Dex: 18    Spells: 3/3 levels left

rFire   . . .        a - +0 shortbow
rCold   . . .        (shield currently unavailable)
rNeg    . . .        h - +0 scale mail
rPois   .            (no helmet)
rElec   .            (no cloak)
rCorr   +            (no gloves)
SInv    .            (no boots)
Will    .....        (no amulet)
Stlth   +            e - ring of resist corrosion
HPRegen 0.24/turn    (no ring)
MPRegen 0.10/turn

%: no passive effects
@: no status effects
A: no striking features
a: no special abilities


You were on level 2 of the Dungeon.
You visited 1 branch of the dungeon, and saw 2 of its levels.

You collected 77 gold pieces.
You spent 65 gold pieces at shops.


   Skills:
 - Level 1.5 Fighting
 + Level 7.8 Ranged Weapons
 - Level 2.4 Dodging
 - Level 1.2 Stealth


You had 3 spell levels left.
You didn't know any spells.
Your spell library was empty.

Inventory:

Hand Weapons
 a - a +0 shortbow (weapon)
Armour
 c - a +0 ring mail
 h - a +0 scale mail (worn)
Jewellery
 e - a ring of resist corrosion (left hand)
Scrolls
 f - a scroll of vulnerability {unknown}
 j - a scroll of identify
Potions
 b - a potion of mutation {unknown}
 d - a potion of haste
 g - a potion of enlightenment
 i - a potion of heal wounds {unknown}

Dungeon Overview and Level Annotations

Branches:
Dungeon (2/15)

Altars:

Shops:
D:1 (   D:2 !


Message History

1054 ||| FLEEEEING.
1055 ||| FLEEEEING.
1056 ||| FLEEEEING.
1057 ||| FLEEEEING.
1058 ||| FLEEEEING.
1059 ||| FLEEEEING.
1060 ||| FLEEEEING.
A quokka comes into view.
You shoot an arrow. The arrow closely misses the gnoll.
The arrow barely misses the gnoll.
You shoot an arrow. The arrow hits the gnoll.
The gnoll is moderately wounded.
The gnoll barely misses you.
You shoot an arrow. The arrow hits the gnoll!
The gnoll is almost dead.
The gnoll hits you with a +0 club. x2
You shoot an arrow. The arrow barely misses the gnoll.
The arrow hits the gnoll.
The gnoll is moderately wounded.
The quokka bites you but does no damage.
The quokka bites you. The gnoll hits you with a +0 club.
You shoot an arrow. The arrow hits the gnoll.
You kill the gnoll!
The quokka bites you but does no damage.
The quokka bites you.
You shoot an arrow. The arrow hits the gnoll.
The gnoll is severely wounded.
The gnoll closely misses you.
The quokka bites you but does no damage.
You shoot an arrow.
The arrow hits the gnoll but does no damage.
The gnoll is severely wounded.
The quokka bites you but does no damage.
The gnoll hits you but does no damage.
The quokka bites you but does no damage.
The gnoll barely misses you.
You shoot an arrow.
The arrow hits the gnoll but does no damage.
The gnoll is severely wounded.
The quokka bites you. The gnoll hits you with a +0 flail!
You die...

#.##.########.#
#.............#
#..#.##########
##.#.....# #
#####.# #.# ..#
#.# #.# #r# #.#
#@# #.# #g# #.#
#.# #.# #.# #
#.# #.#
#.#####.#####.#
##
.........g....#
g.
........)######
.# .........#
)#


You could see a gnoll and a quokka.

Vanquished Creatures
  3 gnolls (D:2)
  An adder (D:2)
  4 dart slugs (D:1)
  A ribbon worm (D:2)
  5 ball pythons (D:1)
  An endoplasm (D:1)
  4 goblins (D:1)
  5 hobgoblins
  9 jackals (D:2)
  A quokka (D:1)
  6 bats
  4 frilled lizards
  4 kobolds
  A rat (D:1)
49 creatures vanquished.

Notes
Turn   | Place    | Note
-------+----------+-------------------------------------------
     0 | D:1      | qw the Deep Elf Hunter began the quest for the Orb.
     0 | D:1      | Reached XP level 1. HP: 12/12 MP: 3/3
     0 | D:1      | 0 ||| qw: Version: 0.3-a-155-g5e7d8dd
     0 | D:1      | 0 ||| qw: Game counter: 3165
     0 | D:1      | 0 ||| qw: Melee chars always use a shield: true
     0 | D:1      | 0 ||| qw: God list: Okawaru
     0 | D:1      | 0 ||| qw: Allow faded altars: false
     0 | D:1      | 0 ||| qw: Do Orc after clearing Dungeon:15 true
     0 | D:1      | 0 ||| qw: Do second Lair branch before Depths: true
     0 | D:1      | 0 ||| qw: Lair rune preference: random
     0 | D:1      | 0 ||| qw: Goals: Normal
     0 | D:1      | 0 ||| PLANNING D:1-11
   165 | D:1      | Found Gituaj's Weapon Shoppe.
   194 | D:1      | Reached skill level 6 in Ranged Weapons
   194 | D:1      | Reached XP level 2. HP: 16/16 MP: 4/4
   433 | D:1      | Reached XP level 3. HP: 20/20 MP: 5/5
   677 | D:1      | 677 ||| UPGRADING to +0 scale mail.
   687 | D:1      | 687 ||| DROPPING +0 leather armour.
   688 | D:1      | 688 ||| UPGRADING to ring of resist corrosion.
   689 | D:1      | 689 ||| READING scroll labelled SELAMO UMMIKU.
   694 | D:1      | 694 ||| READING scroll labelled XIFAYKH PYCE.
   694 | D:1      | 694 ||| IDENTIFYING purple potion
   695 | D:1      | 695 ||| DROPPING scroll of butterflies.
   804 | D:2      | Found Meanwoat's Distillery.
   817 | D:2      | Reached skill level 7 in Ranged Weapons
   834 | D:2      | 834 ||| BUYING potion of enlightenment (65 gold).
   834 | D:2      | Bought a potion of enlightenment for 65 gold pieces
   834 | D:2      | 834 ||| SHOPLISTING potion of haste (130 gold, have 12).
   834 | D:2      | 834 ||| SHOPLISTING potion of heal wounds (65 gold, have
                  | 12).
   834 | D:2      | 834 ||| SHOPLISTING potion of might (52 gold, have 12).
   926 | D:2      | HP: 4/20 [adder (3)]
  1001 | D:2      | Identified the +6 spear "Inuylaf" {flame, *Slow Str+4}
  1029 | D:2      | Reached XP level 4. HP: 12/25 MP: 6/6
  1033 | D:2      | 1033 ||| FLEEEEING.
  1034 | D:2      | 1034 ||| FLEEEEING.
  1035 | D:2      | 1035 ||| FLEEEEING.
  1036 | D:2      | 1036 ||| FLEEEEING.
  1037 | D:2      | 1037 ||| FLEEEEING.
  1038 | D:2      | 1038 ||| FLEEEEING.
  1039 | D:2      | 1039 ||| FLEEEEING.
  1040 | D:2      | 1040 ||| FLEEEEING.
  1041 | D:2      | 1041 ||| FLEEEEING.
  1042 | D:2      | 1042 ||| FLEEEEING.
  1043 | D:2      | 1043 ||| FLEEEEING.
  1044 | D:2      | 1044 ||| FLEEEEING.
  1045 | D:2      | 1045 ||| FLEEEEING.
  1046 | D:2      | 1046 ||| FLEEEEING.
  1047 | D:2      | 1047 ||| FLEEEEING.
  1048 | D:2      | 1048 ||| FLEEEEING.
  1049 | D:2      | 1049 ||| FLEEEEING.
  1050 | D:2      | 1050 ||| FLEEEEING.
  1051 | D:2      | 1051 ||| FLEEEEING.
  1052 | D:2      | 1052 ||| FLEEEEING.
  1053 | D:2      | 1053 ||| FLEEEEING.
  1054 | D:2      | 1054 ||| FLEEEEING.
  1055 | D:2      | 1055 ||| FLEEEEING.
  1056 | D:2      | 1056 ||| FLEEEEING.
  1057 | D:2      | 1057 ||| FLEEEEING.
  1058 | D:2      | 1058 ||| FLEEEEING.
  1059 | D:2      | 1059 ||| FLEEEEING.
  1060 | D:2      | 1060 ||| FLEEEEING.
  1065 | D:2      | HP: 5/25 [quokka (3)]
  1068 | D:2      | Slain by a gnoll

Levels and vault maps discovered:
D:1:      lightli_arrival_noodles, layout_loops_ring, serial_glass,
          glass_columns_a, glass_columns_a, glass_columns_a, glass_columns_c,
          serial_shops, nicolae_shop_just_a_little_nook, grunt_decor_one_mirror,
          due_unseen_surprise
D:2:      layout_loops_ring, serial_glass, glass_columns_a, glass_columns_b,
          hellmonk_ecumenical_altar_watching_god, serial_shops,
          nicolae_shop_industrial_runoff

Skill      XL: |  1  2  3 |
---------------+----------+-----
Ranged Weapons | 6 7 |  7.8
Fighting       | |  1.5
Dodging        | |  2.4
Stealth        | |  1.2

Action                     |  1- 3 |  4- 6 || total
---------------------------+-------+-------++-------
   Fire: Shortbow          |   139 |    12 ||   151
    Use: Scroll            |     2 |       ||     2
 Armour: Leather armour    |     9 |       ||     9
         Scale mail        |    56 |    15 ||    71
  Dodge: Dodged            |    52 |     5 ||    57

Table legend:
 A = Non-vault XP
 B = Vault XP
 C = Vault XP percentage of total XP
 D = Non-vault monster count
 E = Vault monster count
 F = Vault count percentage of total count
                 A         B        C        D         E       F
            +---------+---------+-------+---------+---------+-------
      Total |     138 |       0 |   0.0 |      49 |       0 |   0.0
            +---------+---------+-------+---------+---------+-------
        D:1 |      52 |       0 |   0.0 |      29 |       0 |   0.0
        D:2 |      86 |       0 |   0.0 |      20 |       0 |   0.0
            +---------+---------+-------+---------+---------+-------
